 Dungeon Crawl Stone Soup version 0.32-a0-39-g5c88369fb2 (webtiles) character file.

Game seed: 7125171892950562906

67539 none10 the Severer (level 14, -8/133 (135) HPs)
             Began as a Minotaur Fighter on Jan 31, 2024.
             Was a High Priest of Nemelex Xobeh.
             Killed from afar by an orc sorcerer (25 damage)
             ... with a bolt of fire
             ... on level 2 of the Orcish Mines on Feb 1, 2024.
             The game lasted 03:03:31 (37750 turns).

none10 the Severer (Minotaur Fighter)              Turns: 37750, Time: 03:03:37

HP:   -8/133 (135)  AC: 18    Str: 25    XL:     14   Next: 83%
MP:   24/31         EV: 11    Int: 11    God:    Nemelex Xobeh [*****.]
Gold: 1801          SH: 13    Dex: 20    Spells: 13/13 levels left

rFire   . . .        W - +8 scimitar of Xiaweke {protect, rN+ Int+3 Dex+3}
rCold   + . .        c - +0 buckler
rNeg    + . .        x - +2 scale mail {rF+}
rPois   .            P - +3 hat of Pondering {ponderous, Will+ MP+10 Int+5}
rElec   .            (no cloak)
rCorr   .            h - +0 pair of gloves
SInv    .            g - +0 pair of boots
Will    ++...        B - amulet of reflection Stlth
                     Q - ring of ice
HPRegen 0.42/turn    V - +6 ring of dexterity
MPRegen 0.22/turn

%: reflection
@: lightly drained, slow
A: horns 2, retaliatory headbutt, dopey 1
a: Renounce Religion, Draw Escape, Draw Destruction, Draw Summoning, Triple
Draw, Deal Four, Stack Five


You were on level 2 of the Orcish Mines.
You worshipped Nemelex Xobeh.
Nemelex Xobeh was extremely pleased with you.
You visited 5 branches of the dungeon, and saw 22 of its levels.

You collected 1867 gold pieces.
You spent 66 gold pieces at shops.

Inventory:

Hand Weapons
 d - the +1 war axe of the People {freeze, rPois rF+ Str+2 Int-4}
   (You acquired it on level 5 of the Dungeon)

   Str+2:     It affects your strength (+2).
   Int-4:     It affects your intelligence (-4).
   rF+:       It protects you from fire.
   rPois:     It protects you from poison
 m - the +6 war axe of Makhleb, Sharing {flame, rN+}
   (You found it on level 2 of the Dungeon)

   rN+:       It protects you from negative energy.
 W - the +8 scimitar of Xiaweke (weapon) {protect, rN+ Int+3 Dex+3}
   (You found it on level 13 of the Dungeon)

   Int+3:     It affects your intelligence (+3).
   Dex+3:     It affects your dexterity (+3).
   rN+:       It protects you from negative energy.
Missiles
 p - 26 poisoned darts
 H - 7 atropa-tipped darts (quivered)
Armour
 c - a +0 buckler (worn)
 g - a +0 pair of boots (worn)
 h - a +0 pair of gloves (worn)
 x - a +2 scale mail of fire resistance (worn)
 A - a +3 ring mail of cold resistance
 I - the +2 hood of the Assassin {Detect Stab+ Stlth++}
   (You acquired it on level 12 of the Dungeon)

   Detect:    It allows the wearer to sense nearby creatures.
   Stab+:     It allows the wearer to make particularly effective stabbing
   attacks against helpless or unaware enemies with any weapon.
   Stlth++:   It makes you much more stealthy.
 P - the +3 hat of Pondering (worn) {ponderous, Will+ MP+10 Int+5}
   (You took it off Gastronok on level 10 of the Dungeon)

   Int+5:     It affects your intelligence (+5).
   Will+:     It increases your willpower.
   MP+10:     It affects your magic capacity (+10).
 X - an orb of wrath
Jewellery
 B - an amulet of reflection (around neck)
 Q - a ring of ice (left hand)
 S - the amulet "Riquem" {Acrobat rPois rF- Int+5}
   (You acquired it on level 10 of the Dungeon)

   [amulet of the acrobat]

   Acrobat:   It increases your evasion while moving and waiting.
   Int+5:     It affects your intelligence (+5).
   rF-:       It makes you vulnerable to fire.
   rPois:     It protects you from poison
 U - a ring of resist corrosion
 V - a +6 ring of dexterity (right hand)
Talismans
 b - a serpent talisman
 e - a beast talisman
 j - a blade talisman
 F - a maw talisman
Wands
 o - a wand of paralysis (19)
 r - a wand of iceblast (2)
 t - a wand of polymorph (14)
 E - a wand of flame (3)
 R - a wand of mindburst (23)
Scrolls
 a - 3 scrolls of fear
 i - a scroll of fog
 w - 2 scrolls of enchant weapon
 y - 6 scrolls of teleportation
 J - a scroll of enchant armour
 L - 3 scrolls of amnesia
 O - 2 scrolls of revelation
 T - 4 scrolls of noise
 Z - a scroll of vulnerability {unknown}
Potions
 f - a potion of berserk rage
 k - a potion of enlightenment
 l - a potion of resistance
 n - 4 potions of attraction
 q - a potion of cancellation
 s - 5 potions of mutation
 u - a potion of brilliance {unknown}
 v - 4 potions of lignification
 z - 3 potions of degeneration
 G - 2 potions of invisibility {unknown}
 K - 2 potions of haste
 M - a potion of might
 Y - a potion of ambrosia {unknown}


   Skills:
 * Level 15.3 Fighting
 - Level 16.0 Axes
 - Level 2.5 Throwing
 + Level 13.8 Armour
 + Level 1.9 Dodging
 + Level 13.6 Shields
 + Level 11.2 Invocations


You had 13 spell levels left.
You didn't know any spells.
Your spell library contained the following spells:

 Spells                   Type           Power      Damage    Failure   Level
 Apportation              Tloc           0%         N/A       58%         1
 Foxfire                  Conj/Fire      0%         2x1d4     58%         1
 Necrotise                Necr           0%         1d4       58%         1
 Shock                    Conj/Air       0%         1d3       58%         1
 Sting                    Conj/Alch      0%         1d3       58%         1
 Summon Small Mammal      Summ           0%         N/A       58%         1
 Call Imp                 Summ           0%         N/A       73%         2
 Cigotuvi's Dreadful Rot  Necr/Alch/Air  0%         N/A       73%         2
 Ensorcelled Hibernation  Hex/Ice        0%         N/A       73%         2
 Scorch                   Fire           0%         2d5       73%         2
 Sublimation of Blood     Necr           0%         N/A       73%         2
 Fugue of the Fallen      Necr           0%         N/A       91%         3
 Hailstorm                Conj/Ice       0%         3d5       91%         3
 Summon Ice Beast         Ice/Summ       0%         N/A       91%         3
 Swiftness                Air            0%         N/A       91%         3
 Volatile Blastmotes      Fire/Tloc      0%         2d10      91%         3
 Airstrike                Air            0%         2d(0-16)  100%        4
 Anguish                  Hex/Necr       0%         N/A       100%        4
 Dispel Undead            Necr           0%         3d6       100%        4
 Flame Wave               Conj/Fire      0%         2d4       100%        4
 Fulminant Prism          Conj/Alch      0%         3d5       100%        4
 Iskenderun's Mystic Bla  Conj/Tloc      0%         2d3       100%        4
 Martyr's Knell           Necr/Summ      0%         N/A       100%        4
 Vhi's Electric Charge    Tloc/Air       0%         N/A       100%        4
 Arcjolt                  Conj/Air       0%         1d10      100%        5
 Death Channel            Necr           0%         N/A       100%        6
 Plasma Beam              Fire/Air       0%         2x1d10    100%        6
 Sculpt Simulacrum        Ice/Alch       0%         N/A       100%        6
 Starburst                Conj/Fire      0%         6d3       100%        6
 Summon Cactus Giant      Summ           0%         N/A       100%        6
 Summon Hydra             Summ           0%         N/A       100%        7


Dungeon Overview and Level Annotations

Branches:
Dungeon (13/15)            Temple (1/1) D:6            Lair (5/5) D:11
 Shoals (1/4) Lair:3       Spider (0/4) Lair:3        Slime (0/5) Lair:4
    Orc (2/2) D:11
    Elf: Orc:2       Vaults: D:13-14

Altars:
Ashenzari
Cheibriados
Dithmenos
Elyvilon
Fedhas
Gozag
Hepliaklqana
Kikubaaqudgha
Makhleb
Nemelex Xobeh
Okawaru
Qazlal
Ru
Sif Muna
Trog
Uskayaw
Vehumet
Wu Jian
Xom
Yredelemnul
Zin
The Shining One

Shops:
D:4 *   D:8 *


Innate Abilities, Weirdness & Mutations

You have a pair of horns on your head.
You reflexively headbutt those who attack you in melee.
You are dopey. (Int -2)


Message History

Suddenly you stand beside yourself.
The ettin hits you with a +0 dire flail!!
* * * LOW HITPOINT WARNING * * *
The ettin hits you with a +0 dire flail.
* * * LOW HITPOINT WARNING * * *
The warg closely misses you. You block the hellwing's attack.
The hellwing hits you but does no damage.
You draw a card...
You have drawn Vitriol.
Press: ? - help, Shift-Dir - straight line, f - hellwing
Aim: a hellwing (summoned)
The glob of acid hits the hellwing!!!
You kill the hellwing!
The hellwing disappears in a puff of smoke!
The warg barely misses you. You block the ettin's attack.
The ettin hits you with a +0 dire flail!
* * * LOW HITPOINT WARNING * * *
You block the warg's attack.
You swap places.
The warg bites none10's illusion!
The ettin misses none10's illusion.
The ettin barely misses none10's illusion.
The warg bites none10's illusion.
None10's illusion hits the warg but does no damage.
You draw a card...
You have drawn the Pentagram.
The warg barely misses none10's illusion.
The warg bites none10's illusion.
The ettin hits none10's illusion with a +0 dire flail!
The ettin hits none10's illusion with a +0 dire flail.
The orc sorcerer mumbles some strange words.
The warg closely misses none10's illusion. x2
None10's illusion misses the warg.
The warg bites none10's illusion!
The warg closely misses none10's illusion.
The ettin closely misses none10's illusion. x2
The orc sorcerer gestures at you while chanting.
The bolt of fire hits the warg!!
The bolt of fire hits none10's illusion!
The bolt of fire hits you!!
You die...
Your body glows with a rainbow of weird colours and disappears.

#....................
#......$..............
......................
#.##.#................
## ##.........o4......
......Chh4.....
.......@.......
...............
......h@...#...
...............
...............
..........#.##.
........#####
..$...... #.......#
......#.#


You could see an ettin (ally target), 2 wargs, an orc sorcerer (ally target), 2
chaos spawn, a friendly hell hound (summoned) and the friendly none10's illusion
(summoned).

Vanquished Creatures
  Gastronok (D:10)
  Fannar (D:10)
  5 hydras
  2 two-headed ogres
  2 centaur warriors
  2 boulder beetles
  An orc high priest (Orc:1)
  2 skysharks
  An ugly thing (D:11)
  4 harpies
  2 oklob plants (Lair:1)
  A manticore (D:13)
  2 wolf spiders (Lair:2)
  An orc sorcerer (Orc:1)
  A salamander (shapeshifter) (D:13)
  10 elephants
  2 cyclopes
  Joseph (D:8)
  6 black mambas
  An orange demon (D:9)
  8 centaur zombies (D:10)
  6 gargoyles
  An unseen horror (D:11)
  14 cane toads
  2 kobold demonologists
  3 unseen horror zombies (D:10)
  11 komodo dragons
  7 rime drakes
  5 polar bears (Lair:5)
  7 hornets
  12 blink frogs
  3 slime creatures (D:12)
  A dream sheep (Lair:5)
  A wraith (D:11)
  13 spriggans (Lair:5)
  6 wyverns
  2 culicivoras (Lair:3)
  44 yaks
  2 basilisks
  Eustachio (D:5)
  2 redbacks (Lair:3)
  A warg (D:11)
  Menkaure (D:7)
  10 vampire mosquitoes
  3 acid dragons (D:12)
  14 water moccasins
  13 orc warriors
  4 ice beasts
  3 sky beasts
  3 black bears
  2 laughing skulls (D:13)
  3 centaurs
  3 ogres
  3 boggarts (Lair:5)
  31 wolves
  A phantom (D:5)
  7 kobold brigands
  2 gnoll sergeants
  8 scorpions
  16 bullfrogs
  4 wights (D:7)
  9 killer bees
  8 howler monkeys
  An electric eel (D:9)
  A bombardier beetle (D:4)
  12 jellies
  6 orc priests
  3 hounds
  2 sleepcaps (D:6)
  An iguana (Orc:1)
  17 orc wizards
  A hell rat (D:9)
  11 adders
  13 gnolls
  A shadow imp (D:7)
  4 ufetubi
  4 dart slugs
  4 ribbon worms
  43 orcs
  4 bats
  8 endoplasms
  6 giant cockroaches
  8 goblins
  17 hobgoblins
  4 jackals (D:1)
  17 kobolds
  5 quokkas
  8 ball pythons
  4 frilled lizards
  7 rats
560 creatures vanquished.

Vanquished Creatures (collateral kills)
  An orc sorcerer (Orc:1)
  3 elephants (Lair:5)
  A kobold demonologist (D:11)
  2 yaks (Lair:5)
  A warg (Orc:1)
  4 orc warriors (Orc:1)
  A centaur (D:10)
  An ogre (Orc:1)
  3 wolves
  2 orc wizards (Orc:1)
19 creatures vanquished.

Grand Total: 579 creatures vanquished

Notes
Turn   | Place    | Note
-------+----------+-------------------------------------------
     0 | D:1      | none10 the Minotaur Fighter began the quest for the Orb.
     0 | D:1      | Reached XP level 1. HP: 19/19 MP: 0/0
   101 | D:1      | Reached XP level 2. HP: 22/27 MP: 1/1
   251 | D:1      | Reached skill level 3 in Axes
   293 | D:1      | Reached XP level 3. HP: 31/33 MP: 2/2
   939 | D:2      | Found a shadowy altar of Dithmenos.
   965 | D:2      | Identified the +6 war axe of Makhleb, Sharing {flame, rN+}
  1073 | D:2      | Reached XP level 4. HP: 34/40 MP: 3/3
  1453 | D:2      | Found a faded altar of an unknown god.
  1645 | D:3      | Reached skill level 4 in Axes
  1781 | D:3      | Noticed an ice beast
  1787 | D:3      | Killed an ice beast
  1788 | D:3      | Reached XP level 5. HP: 36/47 MP: 4/4
  2110 | D:3      | Reached skill level 5 in Fighting
  2110 | D:3      | Reached skill level 5 in Axes
  2110 | D:3      | Reached skill level 5 in Armour
  2110 | D:3      | Reached skill level 5 in Shields
  2110 | D:3      | Reached XP level 6. HP: 52/56 MP: 5/5
  3597 | D:4      | Found Mavvay Zuha's CLEARANCE SALE!.
  3790 | D:4      | Reached skill level 6 in Axes
  3790 | D:4      | Reached XP level 7. HP: 34/61 MP: 6/6
  4527 | D:5      | Entered Level 5 of the Dungeon
  5145 | D:5      | Noticed Eustachio
  5175 | D:5      | Identified a scroll of acquirement
  5175 | D:5      | Acquired the +1 war axe of the People {freeze, rPois rF+
                  | Str+2 Int-4}
  5183 | D:5      | Killed Eustachio
  5564 | D:5      | Reached skill level 7 in Axes
  5853 | D:6      | Reached XP level 8. HP: 53/70 MP: 7/7
  6000 | D:6      | Found a hazy altar of Hepliaklqana.
  6275 | D:6      | Found a staircase to the Ecumenical Temple.
  6286 | Temple   | Entered the Ecumenical Temple
  6297 | Temple   | Became a worshipper of Nemelex Xobeh the Trickster
  6521 | D:6      | Reached skill level 8 in Axes
  6693 | D:7      | Noticed Menkaure
  6696 | D:7      | Killed Menkaure
  6697 | D:7      | Reached skill level 1 in Invocations
  7116 | D:7      | Reached skill level 9 in Axes
  7116 | D:7      | Reached XP level 9. HP: 79/79 MP: 9/9
  8679 | D:8      | Reached * piety under Nemelex Xobeh
  8884 | D:8      | Noticed Joseph
  8884 | D:8      | Received a gift from Nemelex Xobeh
  8896 | D:8      | Killed Joseph
  9012 | D:8      | Found Wumimapn's Serpentskin Sales.
  9016 | D:8      | Reached skill level 10 in Axes
  9019 | D:8      | Bought a +0 leather armour of poison resistance for 66 gold
                  | pieces
 10314 | D:9      | Reached XP level 10. HP: 87/89 MP: 11/11
 10446 | D:9      | Noticed an orange demon
 10460 | D:9      | Killed an orange demon
 10492 | D:9      | Noticed a two-headed ogre
 10500 | D:9      | Killed a two-headed ogre
 10501 | D:9      | Reached skill level 11 in Axes
 10774 | D:9      | Found a stormy altar of Qazlal.
 10966 | D:9      | Found a shadowy altar of Dithmenos.
 11163 | D:9      | Found a white marble altar of Elyvilon.
 11214 | D:9      | Noticed Amaemon
 11217 | D:9      | Amaemon changed into Amaemon the hell rat
 11217 | D:9      | Noticed Amaemon
 11218 | D:9      | Killed Amaemon the hell rat
 11423 | D:10     | Entered Level 10 of the Dungeon
 11797 | D:10     | Noticed Gastronok
 12173 | D:10     | Killed Gastronok
 12174 | D:10     | Reached skill level 12 in Axes
 12174 | D:10     | Reached skill level 5 in Invocations
 12241 | D:10     | Noticed Fannar
 12389 | D:10     | Killed Fannar
 12390 | D:10     | Reached XP level 11. HP: 71/97 MP: 14/14
 12465 | D:10     | Acquired the amulet "Riquem" {Acrobat rPois rF- Int+5}
 12614 | D:10     | Found a basalt altar of Yredelemnul.
 12705 | D:10     | Reached skill level 10 in Fighting
 12705 | D:10     | Reached skill level 10 in Armour
 12710 | D:10     | Reached skill level 13 in Axes
 13512 | D:10     | Found a burning altar of Makhleb.
 13579 | D:10     | Found a hide-covered altar of Uskayaw.
 13813 | D:11     | Noticed a centaur warrior
 13822 | D:11     | Killed a centaur warrior
 13823 | D:11     | Reached skill level 10 in Shields
 14732 | D:11     | Found a staircase to the Orcish Mines.
 15117 | D:11     | Received a gift from Nemelex Xobeh
 15376 | D:11     | Reached ** piety under Nemelex Xobeh
 15455 | D:11     | Noticed a sun demon
 15710 | D:11     | Found a staircase to the Lair.
 15773 | D:11     | Reached XP level 12. HP: 41/108 MP: 16/16
 16125 | D:11     | Noticed a two-headed ogre
 16137 | D:11     | Killed a two-headed ogre
 16138 | D:11     | Reached skill level 14 in Axes
 16522 | Orc:1    | Entered Level 1 of the Orcish Mines
 16546 | Orc:1    | Found a bloodstained altar of Trog.
 16910 | Orc:1    | Noticed an orc high priest
 18897 | Lair:1   | Entered Level 1 of the Lair of Beasts
 18939 | Lair:1   | Received a gift from Nemelex Xobeh
 19258 | Lair:1   | Received a gift from Nemelex Xobeh
 19846 | Lair:1   | Found a blossoming altar of Fedhas.
 20974 | Lair:2   | Reached skill level 15 in Axes
 21063 | Lair:2   | Received a gift from Nemelex Xobeh
 21095 | Lair:2   | Reached *** piety under Nemelex Xobeh
 22465 | Lair:3   | Found an ancient bone altar of Kikubaaqudgha.
 22503 | Lair:3   | Reached XP level 13. HP: 117/117 MP: 18/18
 22514 | Lair:3   | Received a gift from Nemelex Xobeh
 22747 | Lair:3   | Found a staircase to the Shoals.
 23750 | Lair:3   | Reached **** piety under Nemelex Xobeh
 23750 | Lair:3   | Received a gift from Nemelex Xobeh
 24126 | Lair:3   | Found a hole to the Spider Nest.
 24224 | Shoals:1 | Entered Level 1 of the Shoals
 24383 | Lair:4   | Reached skill level 16 in Axes
 24896 | Lair:4   | Found a staircase to the Slime Pits.
 25584 | Lair:4   | Reached skill level 10 in Invocations
 26666 | Lair:5   | Entered Level 5 of the Lair of Beasts
 27564 | Lair:5   | Reached XP level 14. HP: 119/129 MP: 20/20
 29177 | Lair:5   | Identified the ring "Falul" {Wiz Int+3}
 29459 | Lair:5   | Reached skill level 1 in Throwing
 33010 | D:12     | Received a gift from Nemelex Xobeh
 33055 | D:12     | Reached ***** piety under Nemelex Xobeh
 33739 | D:12     | Reached skill level 15 in Fighting
 34125 | D:12     | Received a gift from Nemelex Xobeh
 34897 | D:12     | Acquired the +2 hood of the Assassin {Detect Stab+ Stlth++}
 34897 | D:12     | Found the +2 hood of the Assassin {Detect Stab+ Stlth++}
 35558 | D:13     | Identified the +8 scimitar of Xiaweke {protect, rN+ Int+3
                  | Dex+3}
 35634 | D:13     | Reached skill level 1 in Dodging
 37725 | Orc:2    | Entered Level 2 of the Orcish Mines
 37736 | Orc:2    | Gained mutation: You are dopey. (Int -2) [a neqoxec]
 37750 | Orc:2    | Killed from afar by an orc sorcerer

Illustrated notes

Levels and vault maps discovered:
D:1:      dpeg_arrival_arbitrary_b, layout_loops_ring
D:2:      layout_rooms, shapermc_ecumenical_altar_starsandcircs, basic_altar,
          st_stairs_11, minivault_24
D:3:      kb_forest_paths, layout_basic, grunt_ministairs_15
D:4:      layout_cave_pods, nicolae_shop_clearance
D:5:      layout_loops_ring, nicolae_zig_zag_zippers, uniq_eustachio
D:6:      layout_basic, mainiacjoe_overflow_24_doors,
          minmay_temple_entry_glassed_door
D:7:      layout_rooms, uniq_menkaure
D:8:      layout_loops_corners, dreamdust_mushroom_princess,
          guppyfry_shop_venom, uniq_joseph
D:9:      layout_rooms, nicolae_overflow_squiral,
          mainiacjoe_overflow_cross_hatched, uniq_amaemon
D:10:     layout_rooms, mainiacjoe_overflow_alcove_2,
          nicolae_yredelemnul_corpse_copse, kennysheep_mini_moat, serial_glass,
          glass_columns_a, glass_columns_b, uniq_gastronok, uniq_fannar
D:11:     layout_gridville, grunt_lair_entry_orc_guard_hut, david_orc_1_choice
D:12:     layout_grid_maze, st_stairs_4
D:13:     layout_roguey, lightli_vaults_fourway_checkpoint,
          gammafunk_ghost_spectres, zin_academy
Temple:   hellmonk_temple_two_chambers
Lair:1:   layout_cave_pods, hangedman_tree_tricks, infiniplex_staircase_pool
Lair:2:   layout_concentric_octagons, nicolae_lair_run_with_the_wolves
Lair:3:   layout_roguey, nicolae_shoals_entry_roost,
          spider_nest_entry_funnel_web, basic_altar
Lair:4:   layout_regular_city, minmay_slime_entry_jelly_boxes,
          portal_ice_cave_rime, grunt_megastairs_1
Lair:5:   minmay_lair_end_enchanted_forest, layout_hall_layers,
          columned_hall_lemuel, grunt_forest_small_clearings
Shoals:1: layout_shoals, uniq_roxanne
Orc:1:    layout_caves, basic_altar, trog_butcher_becter
Orc:2:    st_orc_open, layout_caves, basic_altar, mines2_david, uniq_josephine

Skill      XL: |  1  2  3  4  5  6  7  8  9 10 11 12 13 14 |
---------------+-------------------------------------------+-----
Fighting       | 4 5 6 7 8 9 10 11 13 15 | 15.3
Armour         | 4 5 6 7 8 9 10 11 12 13 | 13.8
Shields        | 4 5 6 7 8 9 10 11 12 13 | 13.6
Axes           | 3 4 5 6 7 9 10 12 13 15 16 | 16.0
Invocations    | 2 3 5 6 8 10 11 | 11.2
Throwing       | 2 |  2.5
Dodging        | 1 |  1.9

Action                     |  1- 3 |  4- 6 |  7- 9 | 10-12 | 13-15 || total
---------------------------+-------+-------+-------+-------+-------++-------
  Melee: War axe           |    90 |    90 |   211 |   509 |   594 ||  1494
         Headbutt          |    12 |     6 |    34 |   130 |   167 ||   349
         Scimitar          |       |       |       |       |    34 ||    34
  Throw: Throwing net      |       |     1 |       |       |       ||     1
         Dart              |       |       |    11 |    12 |    10 ||    33
 Invoke: Draw Destruction  |       |       |       |     5 |     2 ||     7
         Draw Summoning    |       |       |       |     4 |     7 ||    11
         Draw Escape       |       |       |       |     1 |     1 ||     2
  Evoke: Wand              |       |       |     1 |    17 |    16 ||    34
    Use: Scroll            |     5 |     2 |     5 |     9 |     5 ||    26
         Potion            |       |     1 |       |     5 |    11 ||    17
   Stab: Paralysed         |       |       |       |       |     3 ||     3
         Petrified         |       |       |       |       |     1 ||     1
 Armour: Scale mail        |    84 |    63 |   124 |   383 |   458 ||  1112
         Plate armour      |       |       |       |     3 |       ||     3
  Dodge: Dodged            |    55 |    38 |    69 |   248 |   403 ||   813
  Block: Buckler           |    27 |    20 |    88 |   180 |   273 ||   588
         Reflection        |       |       |     2 |     6 |     9 ||    17

Table legend: (Time is in decaauts)
 A = Elapsed time spent in this place.
 B = Non-inter-level travel time spent in this place.
 C = Inter-level travel time spent in this place.
 D = Time resting spent in this place.
 E = Time spent auto-exploring this place.
 F = Levels seen in this place.
 G = Mean time per level.
                   A        B        C        D        E       F      G
               +--------+--------+--------+--------+--------+-----+--------+
         Total |  38960 |  36919 |   2041 |  13448 |   6300 |  22 | 1770.9 |
       Dungeon |  24043 |  22354 |   1689 |   7858 |   4421 |  13 | 1849.5 |
        Temple |     48 |     48 |      0 |      0 |      0 |   1 |   48.0 |
          Lair |  13940 |  13589 |    351 |   5481 |   1792 |   5 | 2788.0 |
        Shoals |      1 |      1 |      0 |      0 |      0 |   1 |    1.0 |
  Orcish Mines |    925 |    925 |      0 |    109 |     86 |   2 |  462.5 |
               +--------+--------+--------+--------+--------+-----+--------+

Top non-repeatable levels by time:
    D:11: 4981 daAuts
  Lair:4: 3865 daAuts
  Lair:5: 3633 daAuts
    D:12: 3619 daAuts
  Lair:1: 2483 daAuts
     D:4: 2325 daAuts
  Lair:2: 2151 daAuts
    D:10: 1867 daAuts
     D:9: 1854 daAuts
     D:8: 1852 daAuts
  Lair:3: 1805 daAuts
     D:3: 1557 daAuts
     D:5: 1425 daAuts
    D:13: 1080 daAuts
     D:7: 957 daAuts
